AoeStats
← Zogar Law

Arabia

503114246Analyzed
1v1 RM · 3mo ago on Aug 30, 2026· 48m 44s· 2 players
Game mode
Random Map
Map size
Tiny (2 player)
Population
200
Speed
Normal
Resources
Standard
Victory
Conquest
Starting age
Dark Age
Ending age
Imperial Age
RankedLock teamsTeams togetherTeam positionsShared explorationLock speedFull tech treeHidden civsTurbo modeCheats
Victory
Defeat
🇳🇱 Tatars · Netherlands
608
+15
vs
🇫🇷 Franks · France
585
-15
Zogar Law
8:05 Loom
10:37 Feudal Age
11:10 Double-Bit Axe
15:29 Forging
23:56 Castle Age
22:35 Wheelbarrow
23:23 Scale Barding Armor
23:11 Fletching
23:22 Padded Archer Armor
23:53 Gold Mining
24:43 Husbandry
25:35 Bow Saw
26:18 Iron Casting
25:55 Elite Skirmisher
26:58 Devotion
31:03 Chain Barding Armor
32:52 Hand Cart
32:23 Town Watch
32:37 Stone Mining
37:34 Imperial Age
36:54 Bodkin Arrow
37:14 Leather Archer Armor
38:16 Masonry
38:03 Murder Holes
39:16 Chemistry
37:43 Cavalier
39:17 Ballistics
39:56 Paladin
43:31 Conscription
44:28 Hoardings
Rashad
9:07 Loom
10:53 Feudal Age
11:38 Double-Bit Axe
13:53 Horse Collar
15:08 Loom
18:11 Wheelbarrow
18:55 Town Watch
22:22 Castle Age
23:43 Bow Saw
24:25 Fletching
24:41 Scale Barding Armor
24:36 Stone Mining
24:37 Gold Mining
25:06 Heavy Plow
24:37 Pikeman
28:08 Town Patrol
29:45 Man-at-Arms
30:12 Man-at-Arms
33:29 Bodkin Arrow
33:56 Chain Barding Armor
33:46 Forging
34:04 Ballistics
33:41 Murder Holes
34:32 Hand Cart
36:32 Gold Shaft Mining
36:49 Iron Casting
41:13 Imperial Age
41:21 Imperial Age
42:32 Conscription
43:35 Plate Barding Armor
44:01 Blast Furnace
43:03 Bracer
45:18 Halberdier
46:40 Silk Armor
47:35 Arson
Connection lost

Rejoining the realm…

Still unreachable

The connection could not be restored.

Session expired

The server has moved on; the page needs a fresh start.